 Dungeon Crawl Stone Soup version 0.30.0-13-g156ef70053 (webtiles) character file.

Game seed: 2499902615488255998

326 browni3141 the Vexing (level 6, -2/47 HPs)
             Began as a Demigod Enchanter on May 17, 2023.
             Killed from afar by an orc wizard (12 damage)
             ... with a puff of flame
             ... on level 4 of the Dungeon.
             The game lasted 00:10:53 (5255 turns).

browni3141 the Vexing (Demigod Enchanter)           Turns: 5255, Time: 00:10:54

Health: -2/47      AC:  3    Str:  9    XL:     6   Next: 3%
Magic:  7/13       EV: 13    Int: 17    God:
Gold:   156        SH:  0    Dex: 22    Spells: 3/10 levels left

rFire   . . .        M - +0 dagger (speed)
rCold   + . .        (no shield)
rNeg    . . .        b - +0 robe
rPois   .            u - +0 helmet
rElec   .            (no cloak)
rCorr   +            (no gloves)
SInv    .            (no boots)
Will    .....        (no amulet)
Stlth   +++          l - ring of resist corrosion
HPRegen 0.27/turn    r - ring of protection from cold
MPRegen 0.13/turn

%: no passive effects
@: no status effects
A: high MP 1, forlorn, divine attributes
a: no special abilities


You were on level 4 of the Dungeon.
You visited 1 branch of the dungeon, and saw 5 of its levels.

You collected 208 gold pieces.
You spent 52 gold pieces at shops.

Inventory:

Hand Weapons
 a - a +1 dagger
 M - a +0 dagger of speed (weapon)
Missiles
 J - 2 poisoned darts
 Z - a throwing net
Armour
 b - a +0 robe (worn)
 p - a +2 scale mail of fire resistance
 u - a +0 helmet (worn)
Jewellery
 l - a ring of resist corrosion (left hand)
 r - a ring of protection from cold (right hand)
 L - a ring of flight
 X - a ring of fire
Scrolls
 j - 5 scrolls of teleportation {unknown}
 k - a scroll of acquirement {unknown}
 m - 2 scrolls of identify {unknown}
 n - 2 scrolls of magic mapping
 t - a scroll of vulnerability {unknown}
 w - a scroll of poison {unknown}
 F - a scroll of fog
 N - a scroll of enchant armour {unknown}
 O - a scroll of torment {unknown}
 W - a scroll of fear {unknown}
Potions
 i - a potion of invisibility
 o - a potion of haste {unknown}
 q - 3 potions of flight {unknown}
 s - a potion of magic {unknown}
 v - a potion of lignification {unknown}
 K - a potion of curing {unknown}
 Y - a potion of resistance {unknown}


   Skills:
 - Level 1.0 Fighting
 - Level 1.0 Short Blades
 - Level 2.0 Dodging
 * Level 4.5 Stealth
 * Level 2.8 Spellcasting
 * Level 4.5 Hexes


You had 3 spell levels left.
You knew the following spells:

 Your Spells              Type           Power      Damage    Failure   Level
c - Confusing Touch       Hex            17%        N/A       9%          3
h - Ensorcelled Hibernat  Hex/Ice        20%        N/A       11%         2
B - Blink                 Tloc           4%         N/A       26%         2

Your spell library contained the following spells:

 Spells                   Type           Power      Damage    Failure   Level
 Tukima's Dance           Hex            17%        N/A       9%          3
 Shock                    Conj/Air       8%         1d3       19%         1
 Dazzling Flash           Conj/Hex       20%        N/A       22%         3
 Portal Projectile        Hex/Tloc       20%        N/A       22%         3
 Sublimation of Blood     Necr           2%         N/A       26%         2
 Wereblood                Tmut           2%         N/A       26%         2
 Swiftness                Air            2%         N/A       47%         3
 Airstrike                Air            1%         2d(1-17)  87%         4
 Manifold Assault         Tloc           2%         N/A       87%         4
 Blade Hands              Tmut           1%         N/A       99%         5
 Storm Form               Tmut/Air       1%         N/A       100%        7
 Summon Hydra             Summ           1%         N/A       100%        7


Dungeon Overview and Level Annotations

Branches:
Dungeon (5/15)
 Temple: D:4-7

Shops:
D:2 =   D:4 ?

Annotations:
D:1 1 transporter
D:3 exclusion: orc priest
D:4 Edmund


Innate Abilities, Weirdness & Mutations

You have an increased reservoir of magic. (+10% MP)
You shall have no god before yourself.
Your divine heritage dramatically boosts your attributes as you level up.


Message History

You hit the white imp but do no damage.
The white imp is almost dead.
The white imp misses you.
You closely miss the white imp.
The white imp is almost dead.
The white imp completely misses you.
You hit the white imp.
You kill the white imp!
Okay, then.
Okay, then.
You start resting.
HP restored.
You climb downwards.
The orc wizard casts a spell at you. The puff of flame hits you!
There is a stone staircase leading up here.
The orc wizard hits you with a +0 dagger.
Aiming: Ensorcelled Hibernation (safe; 11% risk of failure)
Press: ? - help, Q - select action, (/) - cycle Shift-Dir - straight line, f - orc wizard
Aim: an orc wizard, wielding a +0 dagger, wearing a +0 robe and wearing the amulet "Soelasin" {Spirit -Tele rPois rF- Dex+9} (chance to affect: 43%)
The orc wizard looks drowsy...
The helpless orc wizard fails to defend itself.
You puncture the orc wizard!
You kill the orc wizard!
An orc wizard is nearby!
An orc priest comes into view. It is wielding a +0 whip.
An orc comes into view. It is wielding a +0 whip.
The orc shouts!
The orc wizard shouts!
You hear a shout!
There is a stone staircase leading up here.
There is a stone staircase leading up here.
The orc wizard casts a spell at you. The magic dart hits you!
The orc wizard hits you but does no damage.
The orc priest hits you with a +0 whip.
You climb upwards.
Level annotation: Edmund
There is a stone staircase leading down here.
Aiming: Ensorcelled Hibernation (safe; 11% risk of failure)
Press: ? - help, Q - select action, (/) - cycle Shift-Dir - straight line, f - orc priest
Aim: an orc priest, wielding a +0 whip (chance to affect: 43%)
You miscast Ensorcelled Hibernation.
You are very lightly contaminated with residual magic.
Nothing appears to happen.
The orc wizard hits you with a +0 dagger.
The orc priest hits you with a +0 whip.
Aiming: Ensorcelled Hibernation (safe; 11% risk of failure)
Press: ? - help, Q - select action, (/) - cycle Shift-Dir - straight line, f/p - orc priest
Aim: an orc priest, wielding a +0 whip (chance to affect: 43%)
The orc priest looks drowsy...
The orc wizard hits you with a +0 dagger.
The helpless orc priest fails to defend itself.
You impale the orc priest!!
You kill the orc priest!
The orc wizard barely misses you.
You have reached level 6!
Your experience leads to a dramatic increase in your attributes!
Increase (S)trength, (I)ntelligence, or (D)exterity?
You feel agile. x4
Aiming: Ensorcelled Hibernation (safe; 11% risk of failure)
Press: ? - help, Q - select action, (/) - cycle Shift-Dir - straight line, f - orc wizard
Aim: an orc wizard, wielding a +0 dagger and wearing a +0 robe (chance to affect: 44%)
The orc wizard resists with some effort.
The orc wizard misses you.
You closely miss the orc wizard.
The orc wizard hits you with a +0 dagger.
Aiming: Ensorcelled Hibernation (safe; 11% risk of failure)
Press: ? - help, Q - select action, (/) - cycle Shift-Dir - straight line, f/p - orc wizard
Aim: an orc wizard, wielding a +0 dagger and wearing a +0 robe (chance to affect: 44%)
The orc wizard resists with some effort.
The orc wizard points at you and mumbles some strange words.
You are confused.
You bump into the rock wall.
The orc wizard points at you and mumbles some strange words.
The magic dart hits you!
* * * LOW HITPOINT WARNING * * *
You're too confused to cast spells.
Unknown command.
The orc wizard points at you and mumbles some strange words.
The puff of flame hits you.
* * * LOW HITPOINT WARNING * * *
Your magical contamination has completely faded away.
The orc wizard closely misses you.
The orc wizard mumbles some strange words.
The orc wizard flickers and vanishes!
Deactivating autopickup; reactivate with Ctrl-A.
Something hits you.
* * * LOW HITPOINT WARNING * * *
You feel less confused. Something hits you.
* * * LOW HITPOINT WARNING * * *
You see here a +0 club.
You hear some strange, mumbled words.
Something tries to affect you, but you resist.
You see here a +0 club.
A magic dart appears from out of thin air!
The magic dart hits you.
* * * LOW HITPOINT WARNING * * *
A puff of flame appears from out of thin air!
The puff of flame hits you!
You die...

..................##....))..###..
.......#...............##).......
.......#.............).##........
.......#...))..........##........
.......#.....[......{..##........
.......#...............##......##
.......#..........)....##......##
.......#....8.>.8......##......#
.......######...@.##############
.......# #8.∩.8## .......#
##...## .......# #8.<.8# #####'##
##...## #.# #..## #.#######.##
#.........# #.#########


There were no monsters in sight!

Vanquished Creatures
  An orc priest (D:4)
  An iguana (D:5)
  An orc wizard (D:5)
  10 gnolls
  4 adders
  A white imp (D:4)
  2 dart slugs
  13 orcs
  7 endoplasms
  3 giant cockroaches
  11 goblins
  10 hobgoblins
  2 jackals (D:1)
  A quokka (D:1)
  8 ball pythons
  9 bats
  A frilled lizard (D:2)
  4 kobolds (D:2)
  7 rats
96 creatures vanquished.

Notes
Turn   | Place    | Note
-------+----------+-------------------------------------------
     0 | D:1      | browni3141 the Demigod Enchanter began the quest for the
                  | Orb.
     0 | D:1      | Reached XP level 1. HP: 14/14 MP: 5/5
   168 | D:1      | Reached XP level 2. HP: 19/23 MP: 7/7
   216 | D:1      | Reached skill level 3 in Hexes
   415 | D:1      | Learned a level 2 spell: Ensorcelled Hibernation
  1039 | D:2      | Reached skill level 3 in Stealth
  1341 | D:2      | Reached XP level 3. HP: 22/28 MP: 1/8
  1808 | D:2      | Found Itwuej's Jewellery Shoppe.
  2231 | D:2      | HP: 1/28 [kobold/+0 short sword (2)]
  2375 | D:3      | Reached XP level 4. HP: 35/35 MP: 9/9
  2546 | D:3      | Learned a level 3 spell: Confusing Touch
  2549 | D:3      | Learned a level 2 spell: Blink
  3568 | D:4      | Found Dexaceid's Magic Scroll Boutique.
  3571 | D:4      | Bought a scroll of fog for 52 gold pieces
  3603 | D:4      | Reached XP level 5. HP: 40/40 MP: 8/11
  4590 | D:4      | Noticed Edmund
  5074 | D:5      | Entered Level 5 of the Dungeon
  5112 | D:5      | Identified the amulet "Soelasin" {Spirit -Tele rPois rF-
                  | Dex+9}
  5235 | D:4      | Reached XP level 6. HP: 28/47 MP: 8/13
  5255 | D:4      | Killed from afar by an orc wizard

Illustrated notes

Levels and vault maps discovered:
D:1:      spicycebolla_arrival_risky_transporter, layout_basic
D:2:      layout_basic, serial_shops, nicolae_lakefront_shop
D:3:      layout_basic, nemelex_dance_club_becter,
          mainiacjoe_overflow_cross_hatched, guppyfry_early_orc_mine
D:4:      layout_basic, nicolae_ru_sacrificial_ziggurat, grunt_qazlal_clouds,
          nicolae_stop_n_shop_2, uniq_edmund
D:5:      minmay_evil_eye, layout_cave_pools, vehumet_crystals,
          mainiacjoe_overflow_surrounded_room, minmay_temple_entry_nine_rooms

Skill      XL: |  1  2  3  4 |
---------------+-------------+-----
Fighting       | 1 |  1.0
Hexes          | 3 4 |  4.5
Spellcasting   | 2 |  2.8
Short Blades   | 1 |  1.0
Dodging        | 2 |  2.0
Stealth        | 3 4 |  4.5

Action                     |  1- 3 |  4- 6 || total
---------------------------+-------+-------++-------
  Melee: Dagger            |   161 |   188 ||   349
         Punch             |       |     2 ||     2
   Cast: Ensorcelled Hiber |    17 |    44 ||    61
    Use: Potion            |     1 |       ||     1
         Scroll            |       |     1 ||     1
   Stab: Sleeping          |    20 |    25 ||    45
 Armour: Robe              |    40 |    33 ||    73
  Dodge: Dodged            |   136 |   116 ||   252
